 Dungeon Crawl Stone Soup version 0.30-a0-1016-gfb0d676c02 (webtiles) character file.

Game seed: 12841309254427615719

394234 jasper the Slayer (level 22, -15/207 (227) HPs)
             Began as a Minotaur Berserker on Apr 6, 2023.
             Was the Champion of Trog.
             Killed from afar by a quicksilver dragon (33 damage)
             ... with a bolt of dispelling energy
             ... on level 5 of the Vaults.
             The game lasted 01:14:37 (39248 turns).

jasper the Slayer (Minotaur Berserker)             Turns: 39248, Time: 01:14:37

HP:   -15/207 (227) AC: 34    Str: 26    XL:     22   Next: 15%
MP:   21/21         EV: 10    Int:  9    God:    Trog [******]
Gold: 2138          SH: 27    Dex: 25    Spells: 21/21 levels left

rFire   + + +      SeeInvis +    j - +9 broad axe (freeze)
rCold   + + +      Faith    .    x - +0 tower shield
rNeg    . . .      Spirit   .    W - +5 plate armour {rF+}
rPois   .          Reflect  .    o - +2 hat {Int+3}
rElec   +          Rampage  .    B - scarf {rC+ rF+}
rCorr   +          Clarity  +    r - +2 pair of gloves of the Tired Nightmares {rElec SInv Stlth-}
Will    ++++.                    h - +0 pair of boots Stlth
                                 M - amulet of Himp {rF+ Regen+ Dex+3}
HPRegen 2.34/turn                V - ring of the Lost Cities {rF+++ Will+ Str+2 Int+2 Dex-3}
MPRegen 0.17/turn                p - ring "Duarhas" {rC++ rCorr Dex+6 SInv Stlth-}

@: strong-willed, regenerating, studying 2 skills, drained
A: horns 2, retaliatory headbutt, clarity, electricity resistance
}: 2/15 runes: serpentine, barnacled
a: Renounce Religion, Berserk, Trog's Hand, Brothers in Arms


You were on level 5 of the Vaults.
You worshipped Trog.
Trog was exalted by your worship.
You visited 8 branches of the dungeon, and saw 39 of its levels.
You visited the Abyss 1 time.
You also visited: Bailey, Ice Cave, Volcano and Wizlab.

You collected 6570 gold pieces.
You spent 4432 gold pieces at shops.

Inventory:

Hand Weapons
 j - a +9 broad axe of freezing (weapon)
 l - a +9 antimagic broad axe
 w - the +3 greatsling "Punk" {acid, rCorr}
   (You found it on level 3 of the Elven Halls)

   rCorr:     It protects you from acid and corrosion.
 F - a +3 demon blade of freezing
 L - the +7 broad axe "Ysiej" {flame, Str+2}
   (Trog gifted it to you on level 2 of the Snake Pit)

   Str:       It affects your strength (+2).
Missiles
 q - 3 throwing nets (quivered)
 T - 9 curare-tipped darts
Armour
 h - a +0 pair of boots (worn)
 o - a +2 hat of intelligence (worn)
 r - the +2 pair of gloves of the Tired Nightmares (worn) {rElec SInv Stlth-}
   (You acquired it on level 3 of the Snake Pit)

   rElec:     It insulates you from electricity.
   SInv:      It lets you see invisible.
   Stlth:     It makes you less stealthy.
 x - a +0 tower shield (worn)
 B - a scarf of resistance (worn)
 W - a +5 plate armour of fire resistance (worn)
Jewellery
 p - the ring "Duarhas" (right hand) {rC++ rCorr Dex+6 SInv Stlth-}
   (You acquired it on level 4 of the Shoals)

   [ring of dexterity]

   Dex:       It affects your dexterity (+6).
   rC:        It greatly protects you from cold.
   SInv:      It lets you see invisible.
   rCorr:     It protects you from acid and corrosion.
   Stlth:     It makes you less stealthy.
 H - a ring of positive energy
 M - the amulet of Himp (around neck) {rF+ Regen+ Dex+3}
   (You acquired it in a bailey)

   [amulet of regeneration]

   Dex:       It affects your dexterity (+3).
   rF:        It protects you from fire.
   Regen:     It increases your rate of health regeneration.
 V - the ring of the Lost Cities (left hand) {rF+++ Will+ Str+2 Int+2 Dex-3}
   (You bought it in a shop on level 2 of the Elven Halls)

   [ring of willpower]

   Str:       It affects your strength (+2).
   Int:       It affects your intelligence (+2).
   Dex:       It affects your dexterity (-3).
   rF:        It renders you almost immune to fire.
   Will:      It increases your willpower.
Wands
 b - a wand of acid (9)
 y - a wand of digging (12)
 C - a wand of iceblast (27)
 G - a wand of paralysis (16)
 I - a wand of mindburst (45)
 P - a wand of flame (60)
 Y - a wand of polymorph (27)
Scrolls
 c - 5 scrolls of magic mapping
 d - 8 scrolls of fog
 e - 8 scrolls of enchant armour
 m - 7 scrolls of immolation
 s - 3 scrolls of torment
 E - a scroll of butterflies
 J - 3 scrolls of silence
 N - a scroll of blinking
 O - 22 scrolls of teleportation
 Q - 4 scrolls of fear
 U - 14 scrolls of poison
 X - 4 scrolls of vulnerability
Potions
 a - 2 potions of ambrosia
 f - 7 potions of invisibility
 i - 10 potions of attraction
 k - 6 potions of haste
 t - 3 potions of heal wounds
 u - 5 potions of lignification
 v - 24 potions of mutation
 z - 23 potions of curing
 A - 6 potions of might
 D - 5 potions of cancellation
 R - 3 potions of flight
 S - 4 potions of resistance
Miscellaneous
 g - a condenser vane (inert)
 n - a box of beasts
 K - a lightning rod (4/4)
 Z - a tin of tremorstones (inert)


   Skills:
 + Level 25.6 Fighting
 - Level 18.0 Axes
 + Level 25.5 Armour
 - Level 2.1 Dodging
 + Level 24.9 Shields
 - Level 5.8 Evocations


You had 21 spell levels left.
You didn't know any spells.
Your spell library was empty.

Dungeon Overview and Level Annotations

Branches:
Dungeon (15/15)            Temple (0/1) D:6            Lair (5/5) D:11
 Shoals (4/4) Lair:3        Snake (4/4) Lair:2        Slime (0/5) Lair:5
    Orc (2/2) D:10            Elf (3/3) Orc:2        Vaults (5/5) D:13
  Crypt (0/3) Vaults:2     Depths (1/4) D:15         Bailey (visited)
  IceCv (visited)         Volcano (visited)          WizLab (visited)

Altars:
Ashenzari
Elyvilon
Fedhas
Gozag
Kikubaaqudgha
Okawaru
Ru
Sif Muna
Vehumet
Yredelemnul
Zin
The Shining One
Jiyva

Shops:
D:13 !   Orc:2 *(*[   Elf:2 =   Shoals:3 *?   Snake:1 :   Snake:2 [   Snake:3 ?
Snake:4 [!(:   Vaults:1 [   Vaults:2 (   Vaults:4 ?

Portals:
Trove: D:13 (give +8 demon blade)

Annotations:
Snake:4 Vashnia
Elf:2 3 runed translucent doors


Innate Abilities, Weirdness & Mutations

You have a pair of horns on your head.
You reflexively headbutt those who attack you in melee.
You possess an exceptional clarity of mind.
You are resistant to electric shocks. (rElec)


Message History

You block the fire giant's attack. You block the vault warden's attack.
The war gargoyle launches metal splinters at you.
The spray of metal splinters hits you but does no damage.
You regained 24 hp, and now have 26/207 hp.
As you read the scroll of teleportation, it crumbles to dust.
You feel strangely unstable. The war gargoyle barely misses you.
The deep elf pyromancer gestures wildly while chanting.
The deep elf pyromancer blinks!
You block the vault warden's attack.
A yaktaur captain comes into view.
You block the fire giant's attack.
You regained 2 hp, and now have 28/207 hp.
You block the deep elf pyromancer's attack.
The war gargoyle launches metal splinters at you.
The spray of metal splinters misses you.
You see here a +0 rapier.
You regained 2 hp, and now have 30/207 hp.
Your surroundings suddenly seem different.
A quicksilver dragon comes into view.
You regained 3 hp, and now have 33/207 hp.
You regained 2 hp, and now have 35/207 hp.
You feel the effects of Trog's Hand fading.
You regained 2 hp, and now have 37/207 hp.
The quicksilver dragon breathes dispelling energy at you.
The bolt of dispelling energy hits you.
Your magical effects are unravelling.
* * * LOW HITPOINT WARNING * * *
You take 1 damage, and have 36/207 hp.
The sentinel's mark upon you fades away.
You regained 2 hp, and now have 38/207 hp.
You regained 2 hp, and now have 40/207 hp.
Your skin crawls.
You feel strong-willed.
The quicksilver dragon breathes dispelling energy at you.
The bolt of dispelling energy hits you!!
* * * LOW HITPOINT WARNING * * *
You take 26 damage, and have 14/207 hp.
You regained 2 hp, and now have 16/207 hp.
The quicksilver dragon breathes dispelling energy at you.
The bolt of dispelling energy hits you!!
You die...

#..# #..#
#..# #..#
#..# #..#
#..#
#.@#......
#..#.....
#..#....
#..#...
#..#..
#..#.####..
#.D#.....#
#...# #...#


You could see a quicksilver dragon (catching breath).

Vanquished Creatures
  Mara (Snake:4)
  Boris (Vaults:4)
  Margery (Vaults:4)
  The ghost of Yhaurph the Hoplite, an adept MiFi of Okawaru (Vaults:2)
  A golden dragon (Vaults:5)
  A mutant beast (WizLab)
  A bone dragon (Abyss:2)
  2 tentacled monstrosities (Vaults:5)
  Zenata (Elf:1)
  A lich (Vaults:4)
  Jorgrun (Shoals:2)
  Mlioglotl (Snake:3)
  A deep elf master archer (Elf:3)
  Gastronok (Lair:1)
  5 sphinxes
  Agnes (D:14)
  2 shadow dragons
  3 tentacled starspawn (Abyss:2)
  2 storm dragons
  An azure jelly (shapeshifter) (WizLab)
  2 nagarajas (Snake:4)
  Donald (Snake:2)
  3 fire giants
  10 deep elf sorcerers
  12 vault wardens
  2 frost giants
  Louise (D:15)
  Aizul (Vaults:1)
  9 ironbound preservers
  A stone giant (Volcano)
  6 deep elf elementalists (Elf:3)
  2 war gargoyles
  An orc warlord (Vaults:3)
  21 very ugly things
  8 ironbound thunderhulks
  6 deep elf demonologists
  2 minotaurs (Shoals:4)
  A lorocyproca (Abyss:2)
  9 deep elf annihilators
  Azrael (D:15)
  A crystal guardian (Vaults:2)
  3 ettins
  5 deep elf death magi
  Josephine (Lair:4)
  2 deep elf high priests (Elf:3)
  4 entropy weavers
  3 merfolk impalers
  7 yaktaur captains
  The ghost of Sleet the Spear-Bearer, a journeyman MiBe of Trog (D:13)
  8 great orbs of eyes
  Harold (D:10)
  33 vault guards
  3 ice dragons
  8 hydras
  2 merfolk aquamancers
  2 salamander tyrants (Snake:4)
  11 centaur warriors
  20 anacondas
  12 ironbound frosthearts
  3 peacekeepers
  3 two-headed ogres
  A catoblepas (D:13)
  A merfolk avatar (Shoals:3)
  2 boulder beetles
  14 naga warriors
  7 tengu warriors
  12 satyrs
  A death yak (Lair:2)
  12 dancing weapons
  A deep troll earth mage (Vaults:5)
  3 orc high priests (Orc:2)
  17 naga sharpshooters
  5 shock serpents
  4 sun demons
  A skyshark (Lair:4)
  Sonja (D:10)
  6 hell knights
  8 deep elf knights
  3 salamander mystics (Snake:4)
  2 wretched stars (Abyss:2)
  A skyshark (shapeshifter) (WizLab)
  4 sea snakes
  A sea snake (shapeshifter) (WizLab)
  A death drake (shapeshifter) (WizLab)
  A fire crab (shapeshifter) (WizLab)
  9 large abominations
  2 glowing orange brains
  8 skeletal warriors
  A swamp dragon (shapeshifter) (WizLab)
  22 deep trolls
  Lodul (D:13)
  4 wizards
  12 naga ritualists
  13 ironbound convokers
  12 orc knights
  An orb spider (shapeshifter) (Vaults:5)
  10 deep elf archers
  19 harpies
  5 lindwurms
  32 deep elf pyromancers
  14 mana vipers
  Pikel (D:7)
  4 necromancers
  A wolf spider (Vaults:5)
  A glowing shapeshifter (Vaults:1)
  6 cyclopes
  6 orc sorcerers
  A frost giant zombie (Vaults:1)
  15 deep elf zephyrmancers
  2 human zombies (Vaults:1)
  7 fauns
  8 salamanders
  39 ugly things
  15 manticores
  7 elephants
  10 merfolk sirens
  A worldbinder (Abyss:2)
  19 vault sentinels
  8 guardian serpents
  Maurice (D:10)
  31 slime creatures
  An eye of devastation (Lair:5)
  7 water nymphs
  3 ice statues (IceCv)
  14 naga magi
  47 black mambas
  2 molten gargoyles (Volcano)
  2 guardian serpents (shapeshifter) (WizLab)
  2 torpor snails
  2 gargoyles
  14 cane toads
  3 rime drakes
  A cane toad (shapeshifter) (WizLab)
  An unseen horror (shapeshifter) (WizLab)
  2 freezing wraiths
  A komodo dragon (shapeshifter) (D:14)
  15 yaktaurs
  2 yaktaurs (shapeshifter) (WizLab)
  2 kobold demonologists (Bailey)
  2 efreet
  An unseen horror (D:12)
  2 ice devils (Orc:1)
  An anaconda simulacrum (IceCv)
  13 komodo dragons
  3 ancient zymes (Abyss:2)
  A meliai (shapeshifter) (WizLab)
  A tengu conjurer (D:13)
  14 merfolk
  A troll (shapeshifter) (WizLab)
  6 hornets
  6 wind drakes
  10 trolls
  A wind drake (shapeshifter) (WizLab)
  2 tarantellas (shapeshifter) (WizLab)
  Prince Ribbit (D:5)
  5 polar bears
  A raiju (shapeshifter) (WizLab)
  A stone giant simulacrum (Vaults:1)
  8 dream sheep
  A blink frog (shapeshifter) (WizLab)
  7 blink frogs
  10 snapping turtles
  4 flying skulls (Abyss:2)
  An air elemental (Elf:1)
  2 culicivoras
  11 spriggans (Lair:5)
  10 water elementals
  5 wraiths
  A spriggan (shapeshifter) (WizLab)
  41 yaks
  A ynoxinul (Abyss:2)
  5 wyverns
  A dire elephant simulacrum (IceCv)
  7 fire bats (Volcano)
  3 fire elementals
  2 golden eyes (shapeshifter) (WizLab)
  2 steam dragons
  A basilisk (Lair:2)
  2 hogs (shapeshifter) (WizLab)
  A basilisk (shapeshifter) (WizLab)
  An iron golem (WizLab)
  39 nagas
  3 vampire mosquitoes
  2 swamp worms (D:7)
  4 redbacks
  A harpy simulacrum (IceCv)
  3 hell hounds (D:15)
  5 floating eyes
  A hydra simulacrum (IceCv)
  Duvessa (D:5)
  13 water moccasins
  A sky beast (D:6)
  An ice beast (D:7)
  32 orc warriors
  5 black bears
  10 ogres
  34 wolves
  7 boggarts
  2 centaurs
  3 lemures (D:7)
  Blork the orc (D:5)
  2 kobold brigands
  9 bullfrogs
  2 gnoll sergeants
  A cane toad simulacrum (IceCv)
  7 small abominations
  4 scorpions
  2 earth elementals (Volcano)
  3 wights (D:8)
  Dowan (D:5)
  6 killer bees (D:9)
  2 elephant simulacra (IceCv)
  2 howler monkeys
  10 electric eels
  6 lava snakes (Volcano)
  2 quasits (D:5)
  A gnoll bouda (D:5)
  5 hounds
  4 jellies
  12 orc priests
  Crazy Yiuf (D:3)
  An iron imp (Abyss:2)
  A sleepcap (D:5)
  Jessica (D:3)
  4 iguanas
  Natasha (thrice) (D:3)
  10 orc wizards
  2 wolf simulacra (IceCv)
  21 gnolls
  9 adders
  3 shadow imps
  3 white imps
  7 ufetubi
  2 worms (D:2)
  A dart slug (D:5)
  42 orcs
  8 endoplasms
  3 giant cockroaches
  17 goblins
  13 hobgoblins
  17 kobolds
  A quokka (D:2)
  5 ball pythons
  6 bats
  2 frilled lizards (D:1)
  A rat (D:3)
  A starspawn tentacle (Abyss:2)
1472 creatures vanquished.

Vanquished Creatures (collateral kills)
  2 slime creatures (D:13)
  A water elemental (D:13)
  An orc (D:13)
4 creatures vanquished.

Vanquished Creatures (others)
  2 deep elf knights (Elf:2)
  A wizard (D:14)
  An orc wizard (Orc:2)
  3 demonic plants (D:5)
  29 fungi
  46 plants
  8 starspawn tentacles (Abyss:2)
90 creatures vanquished.

Grand Total: 1566 creatures vanquished

Notes
Turn   | Place    | Note
-------+----------+-------------------------------------------
     0 | D:1      | jasper the Minotaur Berserker began the quest for the Orb.
     0 | D:1      | Reached XP level 1. HP: 19/19 MP: 0/0
   256 | D:1      | Reached XP level 2. HP: 23/27 MP: 1/1
   722 | D:2      | Found a faded altar of an unknown god.
   793 | D:2      | Reached XP level 3. HP: 33/33 MP: 2/2
   971 | D:2      | Reached ** piety under Trog
  1426 | D:3      | You fall into a shaft and drop 3 floors!
  1458 | D:5      | Entered Level 5 of the Dungeon
  1458 | D:5      | Noticed Prince Ribbit
  1490 | D:5      | Reached XP level 4. HP: 37/41 MP: 3/3
  1542 | D:5      | Reached skill level 5 in Axes
  1670 | D:5      | Noticed Blork the orc
  1679 | D:5      | Killed Blork the orc
  1680 | D:5      | Reached XP level 5. HP: 24/47 MP: 4/4
  1680 | D:5      | Killed Prince Ribbit
  1681 | D:5      | Reached skill level 5 in Fighting
  1681 | D:5      | Reached XP level 6. HP: 29/56 MP: 5/5
  1839 | D:5      | Noticed Dowan
  1863 | D:5      | Killed Dowan
  2039 | D:5      | Noticed Duvessa
  2048 | D:5      | Killed Duvessa
  2049 | D:5      | Reached skill level 5 in Armour
  2049 | D:5      | Reached XP level 7. HP: 53/62 MP: 6/6
  2052 | D:5      | Noticed a troll
  2057 | D:5      | Killed a troll
  2079 | D:5      | Reached XP level 8. HP: 34/71 MP: 7/7
  2092 | D:5      | Gained mutation: Your mind is acute. (Int +4, Str/Dex -1)
                  | [potion of mutation]
  2092 | D:5      | Gained mutation: You have an increased reservoir of magic.
                  | (+10% MP) [potion of mutation]
  2092 | D:5      | Gained mutation: Armour fits poorly on your strangely
                  | shaped body. [potion of mutation]
  2092 | D:5      | Gained mutation: You possess an exceptional clarity of
                  | mind. [potion of mutation]
  2433 | D:5      | Found a sacrificial altar of Ru.
  2737 | D:3      | Noticed Natasha
  2741 | D:3      | Killed Natasha
  2744 | D:3      | Noticed Natasha
  2752 | D:3      | Killed Natasha
  2815 | D:3      | Noticed Natasha
  2820 | D:3      | Killed Natasha
  2893 | D:3      | Reached *** piety under Trog
  3006 | D:3      | Noticed Jessica
  3015 | D:3      | Killed Jessica
  3243 | D:3      | Found a glowing silver altar of Zin.
  3293 | D:3      | Found a runed translucent door.
  3294 | D:3      | Noticed Crazy Yiuf
  3484 | D:3      | Killed Crazy Yiuf
  4665 | D:6      | Reached skill level 1 in Shields
  5004 | D:6      | Reached skill level 10 in Axes
  5664 | D:6      | Reached XP level 9. HP: 77/80 MP: 8/8
  5684 | D:6      | Found a staircase to the Ecumenical Temple.
  5685 | D:6      | Lost mutation: Armour fits poorly on your strangely shaped
                  | body. [potion of mutation]
  5685 | D:6      | Lost mutation: You have an increased reservoir of magic.
                  | (+10% MP) [potion of mutation]
  5685 | D:6      | Lost mutation: Your mind is acute. (Int +4, Str/Dex -1)
                  | [potion of mutation]
  5685 | D:6      | Gained mutation: You are resistant to electric shocks.
                  | (rElec) [potion of mutation]
  5888 | D:7      | Noticed Pikel
  5898 | D:7      | Killed Pikel
  7071 | D:8      | Paralysed by a hornet for 1 turns
  7074 | D:8      | Paralysed by a hornet for 1 turns
  7080 | D:8      | Found a white marble altar of Elyvilon.
  7091 | D:8      | Found an iron altar of Okawaru.
  7093 | D:8      | Found an opulent altar of Gozag.
  7108 | D:8      | Reached skill level 5 in Shields
  7156 | D:8      | Found a sand-covered staircase.
  7189 | D:8      | Found a flagged portal.
  7204 | Bailey   | Entered a bailey
  7244 | Bailey   | Reached **** piety under Trog
  7245 | Bailey   | Reached XP level 10. HP: 72/91 MP: 9/9
  7279 | Bailey   | Noticed a soul eater
  7279 | Bailey   | Noticed an orc knight
  7286 | Bailey   | Noticed an orange demon
  7286 | Bailey   | Noticed a sixfirhy
  7412 | Bailey   | Killed an orc knight
  7902 | Bailey   | Found an iron altar of Okawaru.
  7950 | Bailey   | Noticed an orc knight
  7962 | Bailey   | Killed an orc knight
  8007 | Bailey   | Identified the +0 ice dragon scales of Eternal Vigilance
                  | {rPois rF- rC++ rCorr Dex+3}
  8131 | Bailey   | Acquired the amulet of Himp {rF+ Regen+ Dex+3}
  8590 | D:8      | Reached skill level 10 in Fighting
  9182 | D:9      | Found a sacrificial altar of Ru.
  9312 | D:9      | Reached XP level 11. HP: 100/100 MP: 10/10
  9502 | D:9      | Found a shimmering blue altar of Sif Muna.
  9683 | D:10     | Entered Level 10 of the Dungeon
  9692 | D:10     | Noticed Maurice
  9698 | D:10     | Killed Maurice
  9699 | D:10     | Reached skill level 10 in Armour
  9740 | D:10     | Noticed a two-headed ogre
  9748 | D:10     | Killed a two-headed ogre
  9869 | D:10     | Noticed Sonja
  9891 | D:10     | Killed Sonja
  9957 | D:10     | Reached ***** piety under Trog
 10121 | D:10     | Noticed Harold
 10133 | D:10     | Killed Harold
 10140 | D:10     | Reached skill level 15 in Axes
 10410 | D:10     | Found a staircase to the Orcish Mines.
 10487 | D:11     | Noticed a skeletal warrior
 10494 | D:11     | Noticed a skeletal warrior
 10497 | D:11     | Noticed a skeletal warrior
 10499 | D:11     | Killed a skeletal warrior
 10510 | D:11     | Killed a skeletal warrior
 10515 | D:11     | Killed a skeletal warrior
 10671 | D:11     | Identified the +1 robe of the Kangaroo {rC+ Will+ Int-3
                  | Dex+3}
 10748 | D:11     | Found a staircase to the Lair.
 10776 | D:11     | Received a gift from Trog
 10808 | D:11     | Reached XP level 12. HP: 110/110 MP: 11/11
 11095 | Lair:1   | Entered Level 1 of the Lair of Beasts
 11095 | Lair:1   | Found a dark tunnel.
 11115 | Volcano  | Entered a volcano
 11235 | Volcano  | Found a radiant altar of Vehumet.
 11335 | Volcano  | Noticed a stone giant
 11345 | Volcano  | Killed a stone giant
 11783 | Lair:1   | Reached skill level 10 in Shields
 11820 | Lair:1   | Noticed Gastronok
 11837 | Lair:1   | Killed Gastronok
 12715 | Lair:2   | Noticed a boulder beetle
 12722 | Lair:2   | Killed a boulder beetle
 12767 | Lair:2   | Reached XP level 13. HP: 107/119 MP: 12/12
 13327 | Lair:2   | Found a staircase to the Snake Pit.
 13568 | Lair:3   | Found a white marble altar of Elyvilon.
 13999 | Lair:3   | Found a staircase to the Shoals.
 14763 | Lair:4   | Reached skill level 5 in Evocations
 14763 | Lair:4   | Reached XP level 14. HP: 129/129 MP: 13/13
 15104 | Lair:4   | Noticed Josephine
 15123 | Lair:4   | Received a gift from Trog
 15124 | Lair:4   | Killed Josephine
 15325 | Lair:5   | Entered Level 5 of the Lair of Beasts
 15442 | Lair:5   | Found a broken altar of Ashenzari.
 15526 | Lair:5   | Identified the +0 leather armour "Tuej" {-Cast Str+7}
 15745 | Lair:5   | Reached XP level 15. HP: 139/139 MP: 14/14
 15758 | Lair:5   | Found a viscous altar of Jiyva.
 15758 | Lair:5   | Found a staircase to the Slime Pits.
 15920 | Lair:5   | Reached ****** piety under Trog
 16039 | Lair:5   | Identified the amulet "Okeyd" {Faith Int+2}
 16328 | Lair:5   | Received a gift from Trog
 16329 | Lair:5   | Reached skill level 15 in Fighting
 16589 | Orc:1    | Entered Level 1 of the Orcish Mines
 16714 | Orc:1    | Found a frozen archway.
 16722 | Orc:1    | Reached skill level 15 in Armour
 16741 | IceCv    | Entered an ice cave
 16979 | IceCv    | Identified the +6 mace "Xaekeube" {heavy, rPois rC+ SInv}
 17055 | Orc:2    | Entered Level 2 of the Orcish Mines
 17152 | Orc:2    | Found a staircase to the Elven Halls.
 17512 | Orc:2    | Found Xages Wom's Assorted Antiques.
 17543 | Orc:2    | Received a gift from Trog
 17582 | Orc:2    | Found Xiyvvy's General Store.
 17604 | Orc:2    | Bought a scroll of fog for 136 gold pieces
 17604 | Orc:2    | Bought a potion of curing for 102 gold pieces
 17609 | Orc:2    | Bought a scroll of teleportation for 45 gold pieces
 17609 | Orc:2    | Bought a scroll of fog for 60 gold pieces
 17619 | Orc:2    | Found Quigroosch's Antique Armour Emporium.
 17632 | Orc:2    | Found Hubafov's Antique Weapon Shop.
 17739 | Orc:2    | Bought a scroll of enchant armour for 255 gold pieces
 18315 | Abyss:2  | Cast into level 2 of the Abyss (a wizard)
 18455 | Abyss:2  | Noticed a tentacled starspawn
 18466 | Abyss:2  | Noticed a bone dragon
 18467 | Abyss:2  | Killed a tentacled starspawn
 18482 | Abyss:2  | Killed a bone dragon
 18563 | Abyss:2  | Noticed a tentacled starspawn
 18574 | Abyss:2  | Killed a tentacled starspawn
 18579 | Abyss:2  | Found a corrupted altar of Lugonu.
 18634 | Abyss:2  | Noticed a tentacled starspawn
 18641 | Abyss:2  | Killed a tentacled starspawn
 18644 | D:12     | Escaped the Abyss
 18728 | D:12     | Reached skill level 15 in Shields
 19315 | D:12     | Reached XP level 16. HP: 152/152 MP: 15/15
 19426 | D:13     | Found a runed translucent gate.
 19427 | D:13     | Found a runed translucent gate.
 19427 | D:13     | Noticed Sleet's ghost (journeyman MiBe)
 19428 | D:13     | Found a runed translucent gate.
 19429 | D:13     | Identified the +6 halberd "Utenoale" {drain, rElec Str+3
                  | Int+2 Stlth+}
 19557 | D:13     | Found a gate to the Vaults.
 19795 | D:13     | Noticed Lodul
 19805 | D:13     | Killed Lodul
 19849 | D:13     | Found Tameaton's Distillery.
 19861 | D:13     | Bought a potion of curing for 48 gold pieces
 19861 | D:13     | Bought a potion of might for 64 gold pieces
 19861 | D:13     | Bought a potion of flight for 48 gold pieces
 19861 | D:13     | Bought a potion of flight for 48 gold pieces
 20065 | D:13     | Found a portal to a secret trove of treasure.
 20195 | D:13     | Killed Sleet's ghost
 20407 | D:14     | Noticed Agnes
 20417 | D:14     | Killed Agnes
 20654 | D:14     | Found a blossoming altar of Fedhas.
 20776 | D:15     | Entered Level 15 of the Dungeon
 20840 | D:15     | Noticed Louise
 20845 | D:15     | Killed Louise
 20845 | D:15     | Received a gift from Trog
 20994 | D:15     | Found a radiant altar of Vehumet.
 21269 | D:15     | Found a glowing golden altar of the Shining One.
 21516 | D:15     | Found a staircase to the Depths.
 21578 | D:15     | Noticed Azrael
 21589 | D:15     | Killed Azrael
 21724 | Depths:1 | Entered Level 1 of the Depths
 22076 | Snake:1  | Entered Level 1 of the Snake Pit
 22130 | Snake:1  | Acquired 550 gold pieces
 22225 | Snake:1  | Found Kising's Book Shoppe.
 22301 | Snake:1  | Identified the +3 short sword "Anugaq" {drain, Int-5 Dex+4}
 22698 | Snake:2  | Reached XP level 17. HP: 161/166 MP: 16/16
 22713 | Snake:2  | Noticed Donald
 22723 | Snake:2  | Killed Donald
 22866 | Snake:2  | Found Fakujemm's Antique Armour Shoppe.
 22875 | Snake:2  | Bought a pair of embroidered gloves for 240 gold pieces
 23205 | Snake:2  | Identified the +7 broad axe "Ysiej" {flame, Str+2} (Trog
                  | gifted it to you on level 2 of the Snake Pit)
 23205 | Snake:2  | Received a gift from Trog
 23591 | Snake:2  | Identified the +5 long sword of Psychosis {flame, *Rage rF+
                  | Str+2}
 24305 | Snake:3  | Noticed Mlioglotl
 24316 | Snake:3  | Killed Mlioglotl
 24491 | Snake:3  | Identified the +13 war axe of Past Mistakes {heavy, rC+ rN+
                  | Str+2 Int-4} (Trog gifted it to you on level 3 of the Snake
                  | Pit)
 24491 | Snake:3  | Received a gift from Trog
 24507 | Snake:3  | Acquired the +2 pair of gloves of the Tired Nightmares
                  | {rElec SInv Stlth-}
 24508 | Snake:3  | Acquired 806 gold pieces
 24565 | Snake:3  | Found Plog's Magic Scroll Shoppe.
 24581 | Snake:3  | Bought a scroll of enchant weapon for 127 gold pieces
 24581 | Snake:3  | Bought a scroll of enchant weapon for 127 gold pieces
 24581 | Snake:3  | Bought a scroll of immolation for 68 gold pieces
 24893 | Snake:4  | Entered Level 4 of the Snake Pit
 24995 | Snake:4  | Noticed Mara
 25000 | Snake:4  | Noticed jasper's illusion
 25018 | Snake:4  | Noticed jasper's illusion
 25254 | Snake:4  | Killed Mara
 25458 | Snake:4  | Received a gift from Trog
 25522 | Snake:4  | HP: 6/170 [naga sharpshooter/arrow (7)]
 25523 | Snake:4  | Reached XP level 18. HP: 7/178 MP: 17/17
 25523 | Snake:4  | HP: 2/178 [constriction (1)]
 25891 | Snake:4  | Found Gastruxer's Armour Shoppe.
 25894 | Snake:4  | Found Parhuushyq's Weapon Emporium.
 25894 | Snake:4  | Found Umafane's Distillery.
 25905 | Snake:4  | Found Pavvy's Book Emporium.
 25929 | Snake:4  | Bought a potion of heal wounds for 60 gold pieces
 25929 | Snake:4  | Bought a potion of curing for 36 gold pieces
 25929 | Snake:4  | Bought a potion of curing for 36 gold pieces
 25929 | Snake:4  | Bought 2 potions of heal wounds for 120 gold pieces
 25929 | Snake:4  | Bought a potion of curing for 36 gold pieces
 25935 | Snake:4  | Bought a manual of Dodging for 1120 gold pieces
 26021 | Snake:4  | Received a gift from Trog
 26331 | Snake:4  | Got a serpentine rune of Zot
 26465 | Snake:4  | Noticed Vashnia
 26635 | Shoals:1 | Entered Level 1 of the Shoals
 26742 | Shoals:1 | You are sucked into a shaft and drop 1 floor!
 26831 | Shoals:2 | Noticed Jorgrun
 26862 | Shoals:2 | Killed Jorgrun
 27663 | Shoals:3 | Found Mupsiab's Magic Scroll Emporium.
 27693 | Shoals:3 | Bought a scroll of teleportation for 45 gold pieces
 27693 | Shoals:3 | Bought a scroll of immolation for 60 gold pieces
 27693 | Shoals:3 | Bought a scroll of enchant weapon for 112 gold pieces
 27693 | Shoals:3 | Bought a scroll of immolation for 60 gold pieces
 27693 | Shoals:3 | Bought a scroll of teleportation for 45 gold pieces
 27693 | Shoals:3 | Bought a scroll of teleportation for 45 gold pieces
 27693 | Shoals:3 | Bought a scroll of teleportation for 45 gold pieces
 28316 | Shoals:3 | Found Eqaqusk's Assorted Antiques.
 28523 | Shoals:4 | Entered Level 4 of the Shoals
 28544 | Shoals:4 | Acquired the ring "Duarhas" {rC++ rCorr Dex+6 SInv Stlth-}
 28668 | Shoals:4 | Identified the +2 war axe "Mofres" {antimagic, rN++} (Trog
                  | gifted it to you on level 4 of the Shoals)
 28668 | Shoals:4 | Received a gift from Trog
 28953 | Shoals:4 | Reached XP level 19. HP: 190/190 MP: 18/18
 28977 | Shoals:4 | Got a barnacled rune of Zot
 28979 | Shoals:4 | Identified the staff of death "Vynwauf" {rN+ Str+3 Int-4
                  | SInv}
 29590 | Elf:1    | Entered Level 1 of the Elven Halls
 29743 | Elf:1    | Received a gift from Trog
 29922 | Elf:1    | Noticed Zenata
 29940 | Elf:1    | Killed Zenata
 30077 | Elf:1    | Found an ancient bone altar of Kikubaaqudgha.
 30139 | Elf:1    | Paralysed by an air elemental for 1 turns
 30330 | Elf:1    | Found an ancient bone altar of Kikubaaqudgha.
 30736 | Elf:2    | Received a gift from Trog
 30811 | Elf:2    | Found Pukk's Jewellery Shoppe.
 30820 | Elf:2    | Bought the ring of the Lost Cities {rF+++ Will+ Str+2 Int+2
                  | Dex-3} for 1036 gold pieces
 31152 | Elf:2    | Found a runed translucent gate.
 31153 | Elf:2    | Found a runed translucent gate.
 31153 | Elf:2    | Found a runed translucent gate.
 31446 | Elf:3    | Entered Level 3 of the Elven Halls
 32409 | Elf:3    | Identified the +8 morningstar of Grontol {elec, rCorr
                  | Dex+4}
 32409 | Elf:3    | Identified the ring "Myegyupp" {rC- rN+ Will+ Stlth+}
 32412 | Elf:3    | Identified the amulet "Ocabuh" {Faith Dex+3}
 32416 | Elf:3    | Noticed a Brimstone Fiend
 32429 | Elf:3    | Received a gift from Trog
 32441 | Elf:3    | Found the +3 greatsling "Punk" {acid, rCorr}
 32442 | Elf:3    | Identified the staff of cold "Cittiow" {rC+ rCorr}
 32461 | Elf:3    | Identified the staff of death "Cuqyfogoa" {rF+ rN+}
 32501 | Elf:3    | Identified the +3 plate armour of Fun and Games {Str+3
                  | Int+3}
 32505 | Elf:3    | Identified the ring of the Lich-sworn {Drain rF- rCorr
                  | Str+6 Dex+2}
 32924 | Vaults:1 | Entered Level 1 of the Vaults
 32957 | Vaults:1 | Reached XP level 20. HP: 192/202 MP: 6/19
 33231 | Vaults:1 | Noticed Aizul
 33241 | Vaults:1 | Killed Aizul
 33545 | Vaults:1 | Found Yrum's Antique Armour Emporium.
 34263 | Vaults:2 | Identified the +2 battleaxe "Yfrasep" {heavy, +Blink Will+
                  | rCorr} (Trog gifted it to you on level 2 of the Vaults)
 34263 | Vaults:2 | Received a gift from Trog
 34794 | Vaults:2 | Found a runed translucent door.
 34794 | Vaults:2 | Noticed Yhaurph's ghost (adept MiFi)
 35073 | Vaults:2 | Found a staircase to the Crypt.
 35073 | Vaults:2 | Found a basalt altar of Yredelemnul.
 35073 | Vaults:2 | Found an ancient bone altar of Kikubaaqudgha.
 35088 | Vaults:2 | Found Xoasusmi's Weapon Shop.
 35197 | Vaults:2 | Received a gift from Trog
 35345 | Vaults:2 | Killed Yhaurph's ghost
 35580 | Vaults:3 | Found a magical portal.
 35586 | WizLab   | Entered Cigotuvi's Fleshworks
 35835 | WizLab   | Reached XP level 21. HP: 83/214 MP: 20/20
 36131 | WizLab   | Paralysed by a floating eye for 4 turns
 36198 | WizLab   | Identified the ring of Dim Light {rPois MP+9}
 37046 | Vaults:3 | Received a gift from Trog
 37618 | Vaults:4 | Noticed Boris
 37630 | Vaults:4 | Killed Boris
 38216 | Vaults:4 | Found Herch's Magic Scroll Boutique.
 38218 | Vaults:4 | Noticed Margery
 38226 | Vaults:4 | Killed Margery
 38247 | Vaults:4 | Bought a scroll of teleportation for 48 gold pieces
 38247 | Vaults:4 | Bought a scroll of teleportation for 48 gold pieces
 38247 | Vaults:4 | Bought a scroll of teleportation for 48 gold pieces
 38247 | Vaults:4 | Bought a scroll of poison for 64 gold pieces
 38443 | Vaults:4 | Identified the +2 falchion of the Bouncing Souls {heavy,
                  | rPois rF+} (Trog gifted it to you on level 4 of the Vaults)
 38443 | Vaults:4 | Received a gift from Trog
 38935 | Vaults:5 | Entered Level 5 of the Vaults
 38947 | Vaults:5 | Noticed a golden dragon
 39075 | Vaults:5 | Killed a golden dragon
 39087 | Vaults:4 | Reached XP level 22. HP: 145/226 MP: 21/21
 39171 | Vaults:5 | Received a gift from Trog
 39189 | Vaults:5 | HP: 4/206 [deep elf death mage/bolt of negative energy
                  | (26)]
 39202 | Vaults:5 | HP: 2/194 [shadow dragon/bolt of negative energy (42)]
 39210 | Vaults:5 | Noticed a golden dragon
 39214 | Vaults:5 | Noticed a dread lich
 39236 | Vaults:5 | HP: 2/206 [vault warden/+3 long sword of holy wrath (23)]
 39248 | Vaults:5 | Killed from afar by a quicksilver dragon

Illustrated notes

Levels and vault maps discovered:
D:1:      dpeg_arrival_rooms_a, layout_basic
D:2:      layout_rooms, hellmonk_ecumenical_altar_lost_god, grunt_ministairs_7,
          kennysheep_crisscross
D:3:      layout_loops_ring, lemuel_doored_altar, uniq_crazy_yiuf_cottage,
          uniq_natasha, uniq_jessica
D:4:      layout_basic
D:5:      layout_basic, serial_demonic, serial_demonic_c, serial_demonic_e,
          serial_demonic_a, serial_demonic_e, minmay_misc_feat_cross,
          minmay_ruined_shrine, uniq_duvessa, uniq_prince_ribbit1,
          uniq_blork_the_orc
D:6:      layout_basic, minmay_temple_entry_fiery, minmay_ogre_servants
D:7:      layout_cave_pods, hex_medium, minmay_crystal_room, worms_lemuel,
          uniq_pikel
D:8:      layout_basic, grunt_temple_overflow_open, enter_ossuary_1,
          enter_bailey_7, nicolae_elevator_lobby_asterisk
D:9:      layout_basic, lemuel_crystal_altar, led_sif_pool
D:10:     layout_irregular_city, orc_0_dummy, uniq_sonja, uniq_maurice,
          uniq_harold
D:11:     layout_roguey, erik_lair_island, minmay_holes
D:12:     layout_basic
D:13:     layout_roguey, lightli_vaults_fourway_checkpoint, serial_shops,
          nicolae_lakefront_shop, enter_trove_5, biasface_ghost_orc_armoury,
          serial_bayou_ford_a, uniq_lodul
D:14:     layout_rooms, fedhas_altar_3, uniq_agnes
D:15:     grunt_enter_depths_hoard, layout_gridville, basic_altar,
          nicolae_vehumet_radiance, uniq_louise, uniq_azrael
Lair:1:   layout_roguey, enter_volcano_1, beast_lair_carwin_7,
          serial_bayou_shore_b, uniq_gastronok
Lair:2:   nzn_winding_woodlands_huge [nzn_winding_woodlands_5x15_parted,
          nzn_winding_woodlands_5x15_lazy_stream,
          nzn_winding_woodlands_5x15_sawtooth,
          nzn_winding_woodlands_5x15_sidewinder,
          nzn_winding_woodlands_5x15_concentric,
          nzn_winding_woodlands_5x15_longhouse,
          nzn_winding_woodlands_5x15_crooked, nzn_winding_woodlands_5x15_zeroes,
          nzn_winding_woodlands_5x15_pool, nzn_winding_woodlands_5x15_garden,
          nzn_winding_woodlands_center_lodge,
          nzn_winding_woodlands_center_diamonds,
          nzn_winding_woodlands_15x15_eel_pit], layout_loops_ring
Lair:3:   layout_cave_pods, nicolae_shoals_entry_roost, basic_altar
Lair:4:   layout_long_grid, hangedman_lair_generics_rect, uniq_josephine
Lair:5:   minmay_lair_end_enchanted_forest, layout_long_grid,
          minmay_slime_entry_eyes, basic_altar, guppyfry_lair_drakes
Shoals:1: layout_shoals
Shoals:2: layout_shoals, nicolae_shoals_sun_and_surf, uniq_jorgrun
Shoals:3: layout_shoals, serial_shops, nicolae_shop_trees,
          nicolae_take_the_stairs
Shoals:4: shoals_end_hellmonk_lost_city
Snake:1:  layout_misc_corridors, minmay_shop_star
Snake:2:  layout_chambers, serial_shops, shop, uniq_donald
Snake:3:  layout_misc_corridors, serial_shops, shop,
          nicolae_snake_coiling_death, uniq_mlioglotl
Snake:4:  grunt_snake_rune_serpentine_throne, layout_cave_town,
          minmay_shoptagon, uniq_mara
Orc:1:    layout_diamond_mine, special_room [special_room_orc],
          portal_ice_cave_demonic_guard, uniq_fannar
Orc:2:    st_orc_elflike, layout_caves
Elf:1:    layout_loops_corners, minmay_elf_crystal_heptagon,
          hangedman_feature_mirror, uniq_zenata
Elf:2:    nicolae_elf_blades_crystal_corner, layout_loops_corners, serial_shops,
          shop, grunt_ministairs_15
Elf:3:    minmay_elf_hall_x, layout_geoelf_castle
Vaults:1: v_misc_32, vaults_dpeg_hooks, nicolae_vaults_theta, v_misc_29,
          ontoclasm_vaults_loading_screen, layout_vaults_omnigrid, serial_shops,
          shop, uniq_aizul
Vaults:2: ebering_ghost_inner_flame, nicolae_vaults_windows_and_doors_thing,
          nicolae_vaults_border_crossing, v_pattern_1, vaults_mumra_hex,
          vaults_mumra_minichess, ontoclasm_vaults_ring_large,
          grunt_vaults_diagonal, v_misc_30, v_misc_24,
          hangedman_vaults_corner_blocks, layout_vaults_omnibox,
          minmay_crypt_entry_necro_gods, serial_shops, shop_statue
Vaults:3: infiniplex_enter_wizlab_spiral, v_misc_2, v_misc_10, v_alt_pattern_2,
          ontoclasm_vaults_spin, vaults_room_semicircle, hangedman_vaults_pinch,
          hangedman_vaults_variations, vaults_dpeg_diagonal, vaults_room_pool,
          nicolae_vaults_gold_heap, layout_vaults_omnicross
Vaults:4: st_more_cells, ontoclasm_vaults_gateway, grunt_vaults_hallway_short,
          hangedman_vaults_hat, v_alt_pattern_4,
          nicolae_vaults_ring_of_whatevers, ontoclasm_vaults_shuriken,
          v_rooms_4, v_misc_26, dpeg_vaults_monster_box,
          nicolae_vaults_mini_display_case, layout_vaults_chaotic_city,
          serial_shops, shop_fountains, uniq_boris, uniq_margery
Vaults:5
Depths:1: layout_gridville, grunt_hell_entry_dis_mu, hangedman_glass_teeth,
          nicolae_ru_sacrificial_ziggurat, minmay_shop_grove, uniq_saint_roka

Skill      XL: |  1  2  3  4  5  6  7  8  9 10 11 12 13 14 15 16 17 18 19 20 21 |
---------------+----------------------------------------------------------------+-----
Axes           | 4 5 6 7 8 10 12 13 15 17 18 | 18.0
Fighting       | 4 5 6 7 9 10 11 12 13 14 16 18 20 21 22 24 25 | 25.6
Armour         | 3 4 5 7 8 9 11 12 13 14 16 18 19 21 22 24 25 | 25.5
Shields        | 2 5 7 9 10 11 12 15 17 18 20 22 23 24 | 24.9
Evocations     | 5 |  5.8
Dodging        | |  2.1

Action                     |  1- 3 |  4- 6 |  7- 9 | 10-12 | 13-15 | 16-18 | 19-21 | 22-24 || total
---------------------------+-------+-------+-------+-------+-------+-------+-------+-------++-------
  Melee: Hand axe          |    56 |    26 |       |       |       |       |       |       ||    82
         Headbutt          |    10 |     6 |    52 |   113 |   156 |   347 |   374 |    18 ||  1076
         War axe           |       |    16 |   295 |    47 |       |       |       |       ||   358
         Broad axe         |       |       |       |   391 |   626 |  1165 |  1177 |    43 ||  3402
         Morningstar       |       |       |       |       |    44 |       |       |       ||    44
  Throw: Throwing net      |       |       |       |       |       |     1 |       |       ||     1
 Invoke: Berserk           |       |     2 |     4 |     4 |     3 |     4 |     1 |       ||    18
         Trog's Hand       |       |       |     5 |     3 |    10 |     8 |     6 |     3 ||    35
         Brothers in Arms  |       |       |       |       |       |     1 |       |       ||     1
  Evoke: Wand              |       |       |     8 |     7 |       |     9 |     3 |       ||    27
         Lightning rod     |       |       |       |       |     9 |     3 |     4 |       ||    16
         Condenser vane    |       |       |       |       |     1 |     2 |     3 |     1 ||     7
         Tin of tremorston |       |       |       |       |       |     1 |     2 |     2 ||     5
    Use: Scroll            |     8 |       |    11 |    16 |     4 |    14 |     4 |     6 ||    63
         Potion            |       |       |     7 |       |     1 |     3 |       |    14 ||    25
 Armour: Animal skin       |     6 |       |       |       |       |       |       |       ||     6
         Leather armour    |     2 |     7 |       |       |       |       |       |       ||     9
         Chain mail        |       |     4 |   157 |    44 |       |       |       |       ||   205
         Ice dragon scales |       |       |       |    64 |   104 |   194 |       |       ||   362
         Plate armour      |       |       |       |    38 |   324 |   319 |   473 |    74 ||  1228
  Dodge: Dodged            |    39 |    21 |   112 |   117 |   168 |   215 |   213 |    26 ||   911
  Block: Tower shield      |       |       |   140 |    53 |       |  1317 |  1260 |   125 ||  2895
         Kite shield       |       |       |       |   204 |   453 |    65 |       |       ||   722

Table legend: (Time is in decaauts)
 A = Elapsed time spent in this place.
 B = Non-inter-level travel time spent in this place.
 C = Inter-level travel time spent in this place.
 D = Time resting spent in this place.
 E = Time spent auto-exploring this place.
 F = Levels seen in this place.
 G = Mean time per level.
                   A        B        C        D        E       F      G
               +--------+--------+--------+--------+--------+-----+--------+
         Total |  38977 |  36356 |   2621 |   1616 |  25272 |  44 |  885.8 |
       Dungeon |  14291 |  13216 |   1075 |    626 |   9443 |  15 |  952.7 |
          Lair |   5269 |   4690 |    579 |      0 |   3680 |   5 | 1053.8 |
        Shoals |   2694 |   2560 |    134 |      0 |   1829 |   4 |  673.5 |
     Snake Pit |   4401 |   4212 |    189 |    198 |   2899 |   4 | 1100.2 |
  Orcish Mines |   1020 |    805 |    215 |      5 |    590 |   2 |  510.0 |
   Elven Halls |   3106 |   2904 |    202 |    137 |   1938 |   3 | 1035.3 |
        Vaults |   5328 |   5131 |    197 |    176 |   3710 |   5 | 1065.6 |
        Depths |    113 |     86 |     27 |      0 |     45 |   1 |  113.0 |
         Abyss |    320 |    320 |      0 |     12 |    139 |   1 |  320.0 |
        Bailey |   1000 |   1000 |      0 |    323 |    256 |   1 | 1000.0 |
      Ice Cave |    279 |    279 |      0 |    103 |     60 |   1 |  279.0 |
       Volcano |    361 |    361 |      0 |     35 |    155 |   1 |  361.0 |
        Wizlab |    789 |    789 |      0 |      0 |    527 |   1 |  789.0 |
               +--------+--------+--------+--------+--------+-----+--------+

Top non-repeatable levels by time:
Vaults:4: 1641 daAuts
     D:5: 1423 daAuts
  Lair:2: 1364 daAuts
 Snake:4: 1364 daAuts
 Snake:2: 1353 daAuts
     D:6: 1300 daAuts
Vaults:2: 1299 daAuts
     D:7: 1268 daAuts
   Elf:3: 1206 daAuts
    D:12: 1173 daAuts
Vaults:1: 1151 daAuts
Vaults:3: 1129 daAuts
 Snake:3: 1090 daAuts
  Lair:5: 1030 daAuts
  Lair:1: 1013 daAuts
